General information
- name: BNet
- type: Ladder team game (AT/RT)
- host: Battle.net
- saver: Bromeister
map: CopperCanyon
- players: 6
- length: 09:18
- speed: Fast
- version: 1.26 W3XP
- replay type: Public
» download(60 KB)
Players
team 1 (loser)

»
kaschmunnie (
red | 35 APM | 326 actions | 09:12)
2 Keeper of the Grove
1 Entangling Roots
1 Thorns Aura
» actions
| Assign group hotkey | 7 | |
| Basic commands | 14 | |
| Build / train | 24 | |
| Enter build submenu | 8 | |
| Enter hero's abilities submenu | 2 | |
| Remove unit from queue | 2 | |
| Right click | 122 | |
| Select / deselect | 110 | |
| Select group hotkey | 17 | |
| Use ability | 20 | |
326 total
» units
| Wisp | 10 | |
| Huntress | 5 | |
| Glaive Thrower | 3 | |
18 total
» buildings
| Altar of Elders | 1 | |
| Moon Well | 3 | |
| Ancient of War | 2 | |
| Hunter's Hall | 1 | |
| Ancient of Wonders | 1 | |
| Tree of Ages | 1 | |
9 total
» build order
00:22 Altar of Elders
00:26 Moon Well
01:36 Ancient of War
01:45 Hunter's Hall
01:57 Moon Well
03:14 Moon Well
04:18 Ancient of Wonders
04:31 Tree of Ages
05:22 Ancient of War
driberz (
green | 43 APM | 384 actions | 08:59)
2 Archmage
1 Summon Water Elemental
1 Blizzard
» actions
| Assign group hotkey | 4 | |
| Basic commands | 24 | |
| Build / train | 25 | |
| Enter build submenu | 18 | |
| Enter hero's abilities submenu | 2 | |
| Right click | 100 | |
| Select / deselect | 96 | |
| Select group hotkey | 92 | |
| Use ability | 23 | |
384 total
» units
| Peasant | 6 | |
| Mortar Team | 2 | |
| Rifleman | 1 | |
9 total
» upgrades
| Gunpowder | 2 | |
| Backpack | 1 | |
| Lumber Harvesting | 1 | |
| Armor | 1 | |
5 total
» buildings
| Altar of Kings | 1 | |
| Farm | 5 | |
| Lumber Mill | 1 | |
| Scout Tower | 3 | |
| Guard Tower | 3 | |
| Arcane Vault | 1 | |
| Keep | 1 | |
| Blacksmith | 1 | |
| Barracks | 1 | |
| Workshop | 1 | |
18 total
» build order
00:16 Altar of Kings
00:21 Farm
00:39 Lumber Mill
01:05 Scout Tower
01:27 Scout Tower
01:47 Farm
02:01 Guard Tower
02:03 Guard Tower
02:35 Arcane Vault
03:20 Keep
03:42 Blacksmith
05:19 Barracks
05:54 Workshop
05:59 Farm
07:19 Scout Tower
07:51 Guard Tower
07:54 Farm
07:57 Farm
» items
Team.ICE (
pink | 95 APM | 839 actions | 08:47)
3 Priestess of the Moon
2 Trueshot Aura
1 Searing Arrows
» actions
| Assign group hotkey | 5 | |
| Basic commands | 102 | |
| Build / train | 46 | |
| Enter build submenu | 11 | |
| Enter hero's abilities submenu | 3 | |
| Right click | 433 | |
| Select / deselect | 174 | |
| Select group hotkey | 44 | |
| Use ability | 21 | |
839 total
» units
| Wisp | 14 | |
| Archer | 12 | |
| Druid of the Talon | 2 | |
| Dryad | 1 | |
29 total
» upgrades
| Improved Bows | 1 | |
| Druid of the Talon Training | 1 | |
2 total
» buildings
| Moon Well | 4 | |
| Altar of Elders | 1 | |
| Ancient of War | 1 | |
| Tree of Ages | 2 | |
| Hunter's Hall | 1 | |
| Tree of Life | 1 | |
| Ancient of Lore | 2 | |
| Ancient of Wind | 1 | |
| Tree of Eternity | 3 | |
16 total
» build order
00:14 Moon Well
00:16 Altar of Elders
00:31 Ancient of War
01:32 Moon Well
01:58 Moon Well
03:13 Tree of Ages
04:27 Hunter's Hall
04:59 Tree of Life
05:20 Moon Well
06:26 Ancient of Lore
06:29 Ancient of Wind
07:34 Tree of Eternity
07:34 Tree of Eternity
07:37 Ancient of Lore
team 2 (winner)
Bromeister (
yellow | 84 APM | 780 actions | 09:18)
3 Far Seer
2 Feral Spirit
1 Chain Lighting
» actions
| Assign group hotkey | 7 | |
| Build / train | 34 | |
| Enter build submenu | 33 | |
| Enter hero's abilities submenu | 3 | |
| Remove unit from queue | 6 | |
| Right click | 444 | |
| Select / deselect | 118 | |
| Select group hotkey | 88 | |
| Use ability | 47 | |
780 total
» units
» upgrades
| Spiked Barricades | 1 | |
| Ranged Weapons | 1 | |
2 total
» buildings
| Altar of Storms | 1 | |
| Orc Burrow | 2 | |
| War Mill | 1 | |
| Voodoo Lounge | 1 | |
| Watch Tower | 14 | |
| Stronghold | 1 | |
| Barracks | 1 | |
| Beastiary | 2 | |
| Great Hall | 1 | |
24 total
» build order
00:11 Altar of Storms
00:31 Orc Burrow
01:17 War Mill
01:47 Voodoo Lounge
02:39 Watch Tower
02:56 Watch Tower
03:19 Stronghold
03:42 Watch Tower
04:03 Watch Tower
04:36 Watch Tower
04:42 Barracks
06:00 Watch Tower
06:03 Watch Tower
06:13 Watch Tower
06:25 Watch Tower
06:35 Orc Burrow
06:40 Beastiary
06:51 Watch Tower
07:04 Watch Tower
07:13 Watch Tower
08:14 Watch Tower
08:27 Beastiary
08:30 Watch Tower
09:12 Great Hall
» items
| Potion of Healing | 1 | |
| Lesser Clarity Potion | 1 | |
| Scroll of Speed | 1 | |
| Potion of Mana | 1 | |
4 total

»
googol (
blue | 170 APM | 1565 actions | 09:13)
3 Tauren Chieftain
2 Endurance Aura
1 War Stomp
2 Goblin Tinker
1 Cluster Rockets
1 Engineering Upgrade
» actions
| Assign group hotkey | 18 | |
| Basic commands | 112 | |
| Build / train | 38 | |
| ESC pressed | 1 | |
| Enter build submenu | 12 | |
| Enter hero's abilities submenu | 5 | |
| Right click | 295 | |
| Select / deselect | 159 | |
| Select group hotkey | 897 | |
| Use ability | 28 | |
1565 total
» units
» upgrades
| Pillage | 1 | |
| Berserker Strength | 1 | |
| Envenomed Spears | 1 | |
3 total
» buildings
| Altar of Storms | 1 | |
| Orc Burrow | 5 | |
| Barracks | 2 | |
| Voodoo Lounge | 1 | |
| Stronghold | 1 | |
| War Mill | 1 | |
| Fortress | 1 | |
| Beastiary | 2 | |
14 total
» build order
00:09 Altar of Storms
00:19 Orc Burrow
00:38 Barracks
01:28 Orc Burrow
01:54 Voodoo Lounge
02:49 Stronghold
03:18 War Mill
03:57 Orc Burrow
06:18 Fortress
06:20 Barracks
06:44 Orc Burrow
07:24 Beastiary
07:25 Beastiary
08:50 Orc Burrow
» items
| Healing Salve | 4 | |
| Lesser Clarity Potion | 1 | |
5 total

»
dragon_peel (
teal | 47 APM | 434 actions | 09:13)
2 Death Knight
1 Death Coil
1 Unholy Aura
1 Lich
1 Frost Nova
» actions
| Assign group hotkey | 9 | |
| Basic commands | 9 | |
| Build / train | 25 | |
| Enter build submenu | 9 | |
| Enter hero's abilities submenu | 3 | |
| Right click | 163 | |
| Select / deselect | 101 | |
| Select group hotkey | 102 | |
| Use ability | 13 | |
434 total
» units
| Acolyte | 2 | |
| Ghoul | 2 | |
| Crypt Fiend | 6 | |
10 total
» upgrades
| Creature Attack | 1 | |
| Burrow | 1 | |
| Web | 1 | |
3 total
» buildings
| Crypt | 1 | |
| Graveyard | 1 | |
| Ziggurat | 4 | |
| Altar of Darkness | 1 | |
| Tomb of Relics | 1 | |
| Halls of the Dead | 1 | |
| Spirit Tower | 1 | |
| Slaughterhouse | 1 | |
| Black Citadel | 2 | |
13 total
» build order
00:07 Crypt
00:37 Graveyard
00:41 Ziggurat
01:10 Altar of Darkness
01:49 Ziggurat
02:20 Tomb of Relics
04:23 Ziggurat
04:27 Halls of the Dead
06:41 Spirit Tower
07:40 Slaughterhouse
08:31 Black Citadel
08:48 Ziggurat
» items
| Rod of Necromancy | 2 | |
| Potion of Healing | 1 | |
3 total
Chat log
(00:17 / Allies) dragon_peel: so the lvls r reset huh
(00:25 / Allies) Bromeister: towerrush
(00:33 / Allies) Bromeister: im good dot worry
(00:48 / Allies) dragon_peel: ok then mate
(00:51 / Allies) Bromeister: fuck
(00:53 / Allies) Bromeister: gold me
(01:03 / Allies) Bromeister: damn
(01:06 / Allies) Bromeister: forgot to build mill shit lol
(01:16 / Allies) googol: lol
(01:20 / Allies) dragon_peel: omg lol
(01:22 / Allies) googol: ur comedian? lol
(01:30 / Allies) dragon_peel: hahah
(01:34 / Allies) Bromeister: its chill brehs
(01:38 / Allies) dragon_peel: good one
(01:40 / Allies) Bromeister: we good
(01:50 / Allies) Bromeister: shop going up first
(01:53 / Allies) Bromeister: plan b
(02:22 / Allies) Bromeister: meet
(02:29 / Allies) Bromeister: creep first
(03:05 / Allies) Bromeister: wood plz
(03:08 / Allies) googol: i dont know thats good..
(03:20 / Allies) Bromeister: ty
(03:24 / Allies) Bromeister: fuck he saw
(03:24 / Allies) Bromeister: come help
(03:28 / Allies) Bromeister: red saw it
(03:29 / Allies) Bromeister: i think
(03:34 / Allies) Bromeister: lmfao
(03:39 / Allies) Bromeister: i think
(03:48 / Allies) Bromeister: dont hit
(03:49 / Allies) Bromeister: yet
(03:52 / Allies) Bromeister: just do this
(03:53 / Allies) Bromeister: all 3
(03:55 / Allies) Bromeister: wait for teal
(03:59 / Allies) dragon_peel: wait up
(04:53 / Allies) Bromeister: come do this
(05:02 / Allies) Bromeister: why
(05:03 / Allies) Bromeister: did u get seen
(05:07 / Allies) Bromeister: now we must hit
(05:07 / Allies) Bromeister: go
(05:09 / Allies) Bromeister: gogog
(05:11 / Allies) Bromeister: fucking go
(05:15 / Allies) Bromeister: kill the hunt/wisps
(05:20 / Allies) Bromeister: fall back if needed
(05:40 / Allies) Bromeister: get the worker
(05:42 / Allies) Bromeister: producing
(05:43 / Allies) Bromeister: shit
(05:45 / Allies) Bromeister: i mean
(05:48 / Allies) Bromeister: ancient of war
(05:55 / Allies) Bromeister: ur so bad
(05:55 / Allies) Bromeister: holy fuck
(05:58 / Allies) dragon_peel: b
(05:59 / Allies) dragon_peel: b
(06:02 / Allies) dragon_peel: to the towers
(07:37 / Allies) Bromeister: wood
(08:47 / Allies) Bromeister: move
(08:51 / Allies) Bromeister: so i can build hall
(08:52 / All) Bromeister: gg
(09:00 / Allies) Bromeister: move blue
(09:04 / All) kaschmunnie: tower rush? really? homo moar plz
(09:07 / All) Bromeister: LOL
(09:09 / All) Bromeister: UMAD BRO